 Dungeon Crawl Stone Soup version 0.18.1-5-g4a78601 (webtiles) character file.

43 Jojapa the Magician (level 3, -4/19 HPs)
             Began as a Deep Elf Wizard on May 11, 2016.
             Slain by a gnoll
             ... wielding a +0 spear
              (7 damage)
             ... on level 2 of the Dungeon.
             The game lasted 00:03:09 (1611 turns).

Jojapa the Magician (Deep Elf Wizard)               Turns: 1611, Time: 00:03:10

Health: -4/19      AC:  0    Str:  4    XL:     3   Next: 37%
Magic:  0/11       EV:  6    Int: 23    God:
Gold:   49         SH:  0    Dex: 13    Spells: 5 memorised, 1 level left

rFire  . . .     SeeInvis .     h - +0 short sword (elec)
rCold  + . .     Gourm    .     i - -2 robe (curse)
rNeg   . . .     Faith    .     (no shield)
rPois  .         Spirit   .     b - +0 hat
rElec  .         Dismiss  .     (no cloak)
rCorr  .         Reflect  .     (no gloves)
SustAt .         Harm     .     (no boots)
MR     .....                    (no amulet)
Stlth  ++........               (no ring)
                                l - ring of protection from cold

@: very slightly contaminated, held, not resistant to hostile enchantments,
unstealthy
A: no striking features
a: no special abilities


You were on level 2 of the Dungeon.
You were not hungry.

You visited 1 branch of the dungeon, and saw 2 of its levels.

You collected 49 gold pieces.

Inventory:

Hand Weapons
 h - a +0 short sword of electrocution (weapon)
Armour
 a - a +0 robe
 b - a +0 hat (worn)
 i - a cursed -2 robe (worn)
 k - a +0 leather armour
Jewellery
 l - a ring of protection from cold (left hand)
Scrolls
 g - 2 scrolls of remove curse {unknown}
 j - a scroll of identify {unknown}
 m - a scroll of teleportation {unknown}
Potions
 e - a potion of haste {unknown}
 f - a potion of degeneration {unknown}
Books
 c - a book of Minor Magic

   Spells                             Type                      Level
   a - Magic Dart                     Conjuration                  1
   b - Blink                          Translocation                2
   c - Call Imp                       Summoning                    2
   d - Repel Missiles                 Charms/Air                   2
   e - Slow                           Hexes                        2
   f - Conjure Flame                  Conjuration/Fire             3
   g - Mephitic Cloud                 Conjuration/Poison/Air       3
Comestibles
 d - 2 chunks of flesh


   Skills:
 - Level 2.4 Dodging
 - Level 2.4 Stealth
 + Level 5.2 Spellcasting
 * Level 2.8 Conjurations
   Level 1.1 Summonings
 - Level 1.1 Translocations


You had one spell level left.
You knew the following spells:

 Your Spells              Type           Power        Failure   Level  Hunger
a - Magic Dart            Conj           ###.         2%          1    None
b - Blink                 Tloc           N/A          12%         2    None
c - Repel Missiles        Chrm/Air       #.....       17%         2    None
d - Mephitic Cloud        Conj/Pois/Air  ##......     21%         3    ##.....
e - Conjure Flame         Conj/Fire      ##......     17%         3    ##.....


Dungeon Overview and Level Annotations

Branches:
Dungeon (2/15)

Altars:


Message History

The gnoll is engulfed in noxious fumes.
The gnoll appears confused.
The gnoll is engulfed in noxious fumes.
The gnoll appears confused.
The gnoll is engulfed in noxious fumes.
The gnoll appears confused.
The gnoll is engulfed in noxious fumes.
The gnoll appears confused.
The gnoll hits the gnoll.
The gnoll hits you from afar with a spear!
The gnoll is engulfed in noxious fumes.
The gnoll appears confused.
Casting: Mephitic Cloud
Confirm with . or Enter, or press ? or * to list all spells.
Aiming: Conjure Flame
Press: ? - help, Dir - move target cursor The fire roars!
The gnoll hits you from afar with a spear.
* * * LOW HITPOINT WARNING * * *
You try to slip out of the net.
The gnoll hits you from afar with a spear.
* * * LOW HITPOINT WARNING * * *
You struggle to escape the net.
The gnoll hits you from afar with a spear!
You die...

#.#.# #.# #.#.# #.#
#.#.# #.# #.#.# #.#
#.#.###.##
############........#
.............#####..#
.##.gg#####.######..#
.....g§@............#
.##g..#####..#####..#
#.. ##.## ##..#### #.
#..###.>..... #
##.#...######
#........#
#####.###.# #.......#
# #.###.#.#


You could see 4 gnolls.

Vanquished Creatures
  2 dart slugs (D:1)
  2 giant geckos (D:1)
  3 goblins (D:1)
  10 hobgoblins
  4 jackals (D:2)
  A ball python (D:1)
  3 bats (D:1)
  2 giant newts (D:1)
  3 kobolds (D:1)
  4 rats (D:1)
34 creatures vanquished.

Notes
Turn   | Place    | Note
--------------------------------------------------------------
     0 | D:1      | Jojapa the Deep Elf Wizard began the quest for the Orb.
     0 | D:1      | Reached XP level 1. HP: 10/10 MP: 7/7
   298 | D:1      | Reached XP level 2. HP: 15/15 MP: 7/9
   705 | D:1      | Reached skill level 5 in Spellcasting
   935 | D:1      | Reached XP level 3. HP: 12/19 MP: 6/11
   939 | D:1      | Learned a level 2 spell: Blink
   942 | D:1      | Learned a level 2 spell: Repel Missiles
   946 | D:1      | Learned a level 3 spell: Mephitic Cloud
   950 | D:1      | Learned a level 3 spell: Conjure Flame
  1611 | D:2      | Slain by a gnoll

Skill      XL: |  1  2 |
---------------+-------+-----
Conjurations   | 2 |  2.8
Spellcasting   | 5 |  5.2
Dodging        | |  2.4
Stealth        | |  2.4
Summonings     | |  1.1
Translocations | |  1.1

Action                   || total
-------------------------++-------
 Cast: Magic Dart        ||    85
       Conjure Flame     ||     1
       Mephitic Cloud    ||     1
  Eat: Bread ration      ||     1
Armor: Robe              ||     2
Dodge: Dodged            ||    13
